 Dungeon Crawl Stone Soup version 0.31-a0-152-g6aa68a64a1 (webtiles) character file.

Game seed: 7777083490872234795

215 qw the Shooter (level 5, -1/46 HPs)
             Began as a Naga Hunter on June 10, 2023.
             Slain by a kobold
             ... wielding a +0 dagger
              (3 damage)
             ... on level 2 of the Dungeon.
             The game lasted 00:00:26 (1048 turns).

qw the Shooter (Naga Hunter)                        Turns: 1048, Time: 00:00:27

Health: -1/46      AC:  4    Str: 14    XL:     5   Next: 92%
Magic:  5/5        EV:  9    Int:  9    God:
Gold:   16         SH:  0    Dex: 16    Spells: 4/4 levels left

rFire   . . .        Y - +0 shortbow
rCold   . . .        (shield currently unavailable)
rNeg    + . .        c - +0 leather armour
rPois   +            (no helmet)
rElec   .            (no cloak)
rCorr   .            e - +0 pair of gloves
SInv    +            (no barding)
Will    .....        (no amulet)
Stlth   ++           f - ring of positive energy
HPRegen 0.27/turn    (no ring)
MPRegen 0.09/turn

%: no passive effects
@: short of breath, very slow
A: AC +1, large, see invisible, deformed body, poison resistance, slowness 2,
spit poison 1, naga tail 1
a: Spit Poison


You were on level 2 of the Dungeon.
You visited 1 branch of the dungeon, and saw 2 of its levels.

You collected 49 gold pieces.
You spent 33 gold pieces at shops.


Innate Abilities, Weirdness & Mutations

Your serpentine skin is tough. (AC +1)
You have supernaturally acute eyesight. (SInv)
Armour fits poorly on your strangely shaped body.
Your system is resistant to poisons. (rPois)
You cover ground very slowly.
You can spit poison.
You have a snake-like lower body.


   Skills:
 + Level 2.3 Fighting
 - Level 6.2 Ranged Weapons
 - Level 1.5 Dodging
 - Level 1.5 Stealth


You had 4 spell levels left.
You didn't know any spells.
Your spell library was empty.

Inventory:

Hand Weapons
 Y - a +0 shortbow (weapon)
Armour
 c - a +0 leather armour (worn)
 e - a +0 pair of gloves (worn)
 g - a +2 robe of fire resistance
Jewellery
 f - a ring of positive energy (left hand)
Scrolls
 a - a scroll of enchant weapon {unknown}
 i - a scroll of identify
Potions
 b - a potion of berserk rage {unknown}
 d - a potion of curing
 h - a potion of cancellation {unknown}

Dungeon Overview and Level Annotations

Branches:
Dungeon (2/15)

Altars:

Shops:
D:1 *   D:2 !

Annotations:
D:2 Robin


Message History

The goblin hits you with a +0 club. Robin hits you but does no damage.
The ball python bites you but does no damage.
1044 ||| INVOKING Spit Poison.
Aiming: Spit Poison (1% risk of failure)
Press: ? - help, Shift-Dir - straight line, f/p - Robin You fail to use your ability.
The goblin no longer looks unusually strong.
The goblin hits you but does no damage. The kobold barely misses you.
The goblin hits you but does no damage. x2; The goblin misses you.
Robin throws the goblin at you! The ball python closely misses you.
1045 ||| INVOKING Spit Poison.
Aiming: Spit Poison (1% risk of failure)
Press: ? - help, Shift-Dir - straight line, f/p - Robin The splash of poison hits Robin.
Robin is poisoned.
Robin is moderately wounded.
The goblin hits you with a +0 club.
The ball python bites you but does no damage.
The kobold closely misses you. The goblin barely misses you.
The goblin hits you with a +0 club.
Robin points. "Kill!"
Robin hits you but does no damage. The goblin misses you.
You shoot an arrow. The arrow hits Robin.
Robin is severely wounded.
The ball python bites you. The goblin hits you with a +0 club.
The hobgoblin closely misses you. The kobold hits you but does no damage.
The goblin hits you but does no damage. The goblin barely misses you.
The goblin hits you but does no damage.
You shoot an arrow. The arrow barely misses Robin.
The goblin no longer looks unusually strong.
The ball python bites you. The goblin hits you with a +0 club.
The hobgoblin hits you but does no damage.
The kobold hits you but does no damage.
The goblin hits you but does no damage. x3
Robin roars a battlecry!
The goblins go into a battle-frenzy!
The ball python bites you.
You shoot an arrow. The arrow closely misses Robin.
The goblin misses you.
The hobgoblin hits you but does no damage.
The goblin barely misses you. The kobold hits you with a +0 dagger.
You die...

#.%.......#.#..# #.#
##.########....# #.# #.#
####.# #.# #.## #.####.# #..##
#......#
#.....)...#########..####
#..............[.......#
#.....^....Sgg......##.# ###
#.g¤...¤..#K@g......)..####..
#.¤¤¤.....#ggg.......)...##.#
....¤¤.¤.¤.#...........##....#
.g$.....g..#............####.#
#########.#.......#
#...#.#####># #.###.#.#.#.#
#.###.#...#.# #.....#.#.#.#


You could see Robin (poisoned), a hobgoblin (strong), 4 goblins, a ball python
and a kobold.

Vanquished Creatures
  Sigmund (D:2)
  An adder (D:2)
  A dart slug (D:1)
  2 ball pythons
  2 endoplasms (D:1)
  A giant cockroach (D:2)
  4 goblins (D:2)
  3 hobgoblins
  3 quokkas
  6 bats
  4 frilled lizards
  4 rats
32 creatures vanquished.

Notes
Turn   | Place    | Note
-------+----------+-------------------------------------------
     0 | D:1      | qw the Naga Hunter began the quest for the Orb.
     0 | D:1      | Reached XP level 1. HP: 19/19 MP: 1/1
     0 | D:1      | 0 ||| qw: Version: 0.2-a-122-gbc61b45
     0 | D:1      | 0 ||| qw: Game counter: 3652
     0 | D:1      | 0 ||| qw: Always use a shield: true
     0 | D:1      | 0 ||| qw: God list: Okawaru
     0 | D:1      | 0 ||| qw: Allow faded altars: false
     0 | D:1      | 0 ||| qw: Do Orc after D:15 true
     0 | D:1      | 0 ||| qw: Do second Lair branch before Depths: true
     0 | D:1      | 0 ||| qw: Lair rune preference: random
     0 | D:1      | 0 ||| qw: Plans: Normal
     0 | D:1      | 0 ||| PLANNING D:1-11
     5 | D:1      | Found Efuezen's General Store.
    16 | D:1      | 16 ||| SHOPLISTING +0 swamp dragon scales (700 gold, have
                  | 0).
    16 | D:1      | 16 ||| SHOPLISTING potion of might (56 gold, have 0).
    16 | D:1      | 16 ||| SHOPLISTING scroll of identify (28 gold, have 0).
    16 | D:1      | 16 ||| SHOPLISTING scroll of teleportation (42 gold, have
                  | 0).
    47 | D:1      | 47 ||| INVOKING Spit Poison.
    91 | D:1      | 91 ||| INVOKING Spit Poison.
   102 | D:1      | 102 ||| INVOKING Spit Poison.
   115 | D:1      | 115 ||| INVOKING Spit Poison.
   131 | D:1      | 131 ||| INVOKING Spit Poison.
   142 | D:1      | 142 ||| INVOKING Spit Poison.
   145 | D:1      | 145 ||| INVOKING Spit Poison.
   146 | D:1      | Reached skill level 4 in Ranged Weapons
   146 | D:1      | Reached XP level 2. HP: 25/26 MP: 2/2
   197 | D:1      | 197 ||| INVOKING Spit Poison.
   203 | D:1      | 203 ||| INVOKING Spit Poison.
   209 | D:1      | 209 ||| INVOKING Spit Poison.
   227 | D:1      | 227 ||| INVOKING Spit Poison.
   408 | D:1      | 408 ||| INVOKING Spit Poison.
   413 | D:1      | 413 ||| INVOKING Spit Poison.
   468 | D:1      | 468 ||| INVOKING Spit Poison.
   506 | D:1      | 506 ||| INVOKING Spit Poison.
   540 | D:1      | Found a faded altar of an unknown god.
   607 | D:1      | 607 ||| UPGRADING to +0 pair of gloves.
   612 | D:1      | 612 ||| UPGRADING to ring of positive energy.
   613 | D:1      | 613 ||| READING scroll labelled XULUOWUOVO.
   614 | D:1      | 614 ||| READING scroll labelled RIAZ ON XAMN.
   615 | D:1      | 615 ||| DRINKING 2 dark potions.
   657 | D:1      | 657 ||| DROPPING scroll of butterflies.
   658 | D:1      | 658 ||| DROPPING potion of lignification.
   692 | D:2      | 692 ||| INVOKING Spit Poison.
   747 | D:2      | 747 ||| INVOKING Spit Poison.
   752 | D:2      | 752 ||| INVOKING Spit Poison.
   754 | D:2      | Reached XP level 3. HP: 32/32 MP: 3/3
   759 | D:2      | 759 ||| INVOKING Spit Poison.
   784 | D:2      | 784 ||| INVOKING Spit Poison.
   815 | D:2      | Found Etiopafi's Distillery.
   826 | D:2      | 826 ||| SHOPLISTING 2 potions of haste (220 gold, have 49).
   826 | D:2      | 826 ||| BUYING potion of curing (33 gold).
   826 | D:2      | Bought a potion of curing for 33 gold pieces
   826 | D:2      | 826 ||| SHOPLISTING potion of heal wounds (55 gold, have
                  | 16).
   826 | D:2      | 826 ||| SHOPLISTING potion of might (44 gold, have 16).
   826 | D:2      | 826 ||| SHOPLISTING potion of mutation (88 gold, have 16).
   836 | D:2      | Noticed Sigmund
   837 | D:2      | 837 ||| INVOKING Spit Poison.
   841 | D:2      | 841 ||| DRINKING 2 potions of curing.
   841 | D:2      | 841 ||| (to cure confusion)
   844 | D:2      | 844 ||| INVOKING Spit Poison.
   847 | D:2      | Killed Sigmund
   848 | D:2      | Reached skill level 6 in Ranged Weapons
   848 | D:2      | Reached XP level 4. HP: 38/39 MP: 4/4
   848 | D:2      | Reached XP level 5. HP: 44/45 MP: 5/5
  1001 | D:2      | 1001 ||| INVOKING Spit Poison.
  1008 | D:2      | 1008 ||| INVOKING Spit Poison.
  1027 | D:2      | 1027 ||| INVOKING Spit Poison.
  1027 | D:2      | Noticed Robin
  1030 | D:2      | 1030 ||| INVOKING Spit Poison.
  1037 | D:2      | 1037 ||| INVOKING Spit Poison.
  1041 | D:2      | 1041 ||| INVOKING Spit Poison.
  1044 | D:2      | 1044 ||| INVOKING Spit Poison.
  1045 | D:2      | 1045 ||| INVOKING Spit Poison.
  1045 | D:2      | HP: 11/46 [goblin/+0 club[Robin] (4)]
  1047 | D:2      | HP: 4/46 [goblin/+0 club[Robin] (2)]
  1048 | D:2      | Slain by a kobold

Levels and vault maps discovered:
D:1:      giann_bridges, layout_loops_ring, shapermc_ecumenical_altar_ellora,
          serial_shops, shop, hex_medium
D:2:      layout_basic, serial_shops, nicolae_shop_crystal, minmay_3d_cube,
          uniq_sigmund, uniq_robin

Skill      XL: |  1  2  3 |
---------------+----------+-----
Ranged Weapons | 4 6 |  6.2
Fighting       | |  2.3
Dodging        | |  1.5
Stealth        | |  1.5

Action                     |  1- 3 |  4- 6 || total
---------------------------+-------+-------++-------
   Fire: Shortbow          |    35 |    25 ||    60
Ability: Spit Poison       |    22 |     7 ||    29
    Use: Scroll            |     2 |       ||     2
         Potion            |     2 |       ||     2
 Armour: Leather armour    |     2 |    32 ||    34
  Dodge: Dodged            |     8 |    29 ||    37

Table legend:
 A = Non-vault XP
 B = Vault XP
 C = Vault XP percentage of total XP
 D = Non-vault monster count
 E = Vault monster count
 F = Vault count percentage of total count
                 A         B        C        D         E       F
            +---------+---------+-------+---------+---------+-------
      Total |      55 |     253 |  82.1 |      26 |       6 |  18.8
            +---------+---------+-------+---------+---------+-------
        D:1 |      27 |       0 |   0.0 |      17 |       0 |   0.0
        D:2 |      28 |     253 |  90.0 |       9 |       6 |  40.0
            +---------+---------+-------+---------+---------+-------
